 Dungeon Crawl Stone Soup version 0.26-a0-597-gb535b0901c (webtiles) character file.

Game seed: 10035618921253711940

611546 Flugslaktarn the Slayer (level 25, -8/268 HPs)
             Began as a Deep Dwarf Monk on Sept 14, 2020.
             Was the Champion of the Shining One.
             Hit by a Hell Sentinel thrown by iron giant (17 damage)
             ... on level 7 of the Iron City of Dis.
             The game lasted 00:37:30 (40564 turns).

Flugslaktarn the Slayer (Deep Dwarf Monk)          Turns: 40564, Time: 00:37:31

Health: -8/268     AC: 46    Str: 27    XL:     25   Next: 65%
Magic:  4/4        EV: 19    Int: 12    God:    the Shining One [******]
Gold:   4462       SH: 21    Dex: 18    Spells: 24/24 levels left

rFire    + + .     SeeInvis .   E - +9 broad axe (holy)
rCold    + . .     Faith    +   T - +0 tower shield
rNeg     + + +     Spirit   .   Z - +9 plate armour {ponderous}
rPois    .         Reflect  .   g - +2 helmet
rElec    .         Harm     .   D - +2 cloak of Etsibonk {Dex+3 Slay+2}
rCorr    .                      G - +2 pair of gloves {Str+3}
MR       +++..                  l - +2 pair of boots {Stlth+}
Stlth    ..........             L - amulet of faith
HPRegen  0.00/turn              c - ring of protection from cold
MPRegen  0.09/turn              f - ring of protection from fire

@: non-regenerating, glowing, slow
A: damage resistance, heal wounds, iridescent scales 1, deterioration 1, dopey
1, fire resistance 1, negative energy resistance 1, sense surroundings 3, no
regeneration
}: 5/15 runes: barnacled, silver, bone, abyssal, gossamer
a: Heal Wounds, Divine Shield, Cleansing Flame, Summon Divine Warrior, Renounce
Religion


You were on level 7 of the Iron City of Dis.
You worshipped the Shining One.
The Shining One was exalted by your worship.
You visited 12 branches of the dungeon, and saw 56 of its levels.
You visited the Abyss 1 time.
You also visited: Ice Cave.

You collected 8330 gold pieces.
You spent 3868 gold pieces at shops.

Inventory:

Hand Weapons
 E - a +9 broad axe of holy wrath (weapon)
   (You acquired it on level 5 of the Lair of Beasts)
Missiles
 u - 15 throwing nets (quivered)
Armour
 g - a +2 helmet (worn)
   (You found it on level 1 of the Dungeon)
 j - a scarf of shadows
   (You found it on level 1 of the Dungeon)
 l - a +2 pair of boots of stealth (worn)
   (You bought it in a shop on level 10 of the Dungeon)
 B - a +0 plate armour
   (You took it off an orc warrior on level 7 of the Dungeon)
 D - the +2 cloak of Etsibonk (worn) {Dex+3 Slay+2}
   (You bought it in a shop on level 10 of the Dungeon)

   It affects your dexterity (+3).
   It affects your accuracy and damage with ranged weapons and melee attacks
   (+2).
 G - a +2 pair of gloves of strength (worn)
   (You acquired it on level 5 of the Lair of Beasts)
 T - a +0 tower shield (worn)
   (You found it on level 13 of the Dungeon)
 Z - a +9 plate armour of ponderousness (worn)
   (You took it off an orc knight on level 2 of the Vaults)
Jewellery
 c - a ring of protection from cold (left hand)
   (You found it on level 3 of the Spider Nest)
 e - an uncursed amulet of magic regeneration {unknown}
   (You found it on level 7 of Tartarus)
 f - a ring of protection from fire (right hand)
   (You found it on level 3 of the Spider Nest)
 i - an uncursed ring of see invisible
   (You found it on level 2 of the Dungeon)
 m - an uncursed ring of protection from magic
   (You found it on level 7 of Tartarus)
 o - an uncursed ring of poison resistance
   (You bought it in a shop on level 7 of the Dungeon)
 K - an uncursed amulet of the acrobat
   (You found it on level 4 of the Dungeon)
 L - an amulet of faith (around neck)
   (You found it on level 1 of the Lair of Beasts)
Wands
 a - a wand of iceblast (11)
   (You found it on level 6 of the Lair of Beasts)
 I - a wand of paralysis (11)
   (You found it on level 6 of the Dungeon)
 U - a wand of enslavement (5)
   (You found it on level 10 of the Dungeon)
 V - a wand of digging (15)
   (You found it on level 14 of the Dungeon)
 W - a wand of acid (22)
   (You found it on level 15 of the Dungeon)
Scrolls
 p - 8 scrolls of magic mapping
 r - 18 scrolls of identify
 t - 15 scrolls of teleportation
 v - 9 scrolls of enchant armour
 x - 24 scrolls of remove curse
 y - 6 scrolls of fog
 z - 9 scrolls of blinking
 A - 6 scrolls of immolation
 H - 2 scrolls of vulnerability
 M - 9 scrolls of fear
 O - 2 scrolls of silence
 X - a scroll of holy word
 Y - a scroll of summoning
Potions
 b - 3 potions of flight
 d - a potion of might
 h - 5 potions of haste
 k - 3 potions of magic
 n - 4 potions of resistance
 q - 8 potions of curing
 s - 3 potions of berserk rage
 w - 5 potions of heal wounds
 J - 2 potions of invisibility
 N - 8 potions of mutation
 P - 9 potions of lignification
 Q - 10 potions of ambrosia
 R - 7 potions of cancellation
Miscellaneous
 C - a tin of tremorstones (3/3)
   (You found it on level 10 of the Dungeon)


   Skills:
 * Level 24.2 Fighting
 - Level 16.0 Axes
 + Level 21.9 Armour
 + Level 19.4 Dodging
 - Level 2.4 Stealth
 - Level 15.0 Shields
 + Level 19.4 Invocations
 - Level 6.0 Evocations


You had 24 spell levels left.
You didn't know any spells.
Your spell library was empty.

Dungeon Overview and Level Annotations

Branches:
Dungeon (15/15)            Temple (1/1) D:5            Lair (6/6) D:9
 Shoals (4/4) Lair:3       Spider (4/4) Lair:2        Slime (0/5) Lair:5
    Orc (2/2) D:10            Elf (0/3) Orc:2        Vaults (5/5) D:14
  Crypt (1/3) Vaults:2     Depths (4/5) D:15           Hell (visited)
    Dis (7/7) Hell            Tar (7/7) Hell          IceCv (visited)
    Geh: Hell:1         Coc: Hell:1

Altars:
Ashenzari
Cheibriados
Dithmenos
Elyvilon
Fedhas
Gozag
Hepliaklqana
Kikubaaqudgha
Makhleb
Nemelex Xobeh
Okawaru
Qazlal
Ru
Sif Muna
Trog
Uskayaw
Vehumet
Wu Jian
Xom
Yredelemnul
Zin
The Shining One
Beogh
Jiyva

Shops:
D:6 :   D:7 !:*[(   D:8 }   D:10 [   D:11 [   D:15 ?   Orc:2 (:(*   Shoals:4 :
Vaults:2 ?[!:=[   Vaults:5 }[[!!

Portals:
Hell: Depths:1 Depths:3
Abyss: Depths:4

Annotations:
D:5 2 transporters
D:10 3 runed translucent doors
Lair:6 3 runed translucent doors, Ynufiagy's ghost, journeyman MiBe
Depths:3 Sojobo
Depths:4 exclusion: 2 obsidian statues


Innate Abilities, Weirdness & Mutations

You are resistant to damage.
You can heal yourself by infusing magical energy.
You resist negative energy. (rN+)
You passively map a large area around you.
You do not regenerate.
You are partially covered in iridescent scales. (AC +2)
Your body sometimes deteriorates upon taking damage.
You are dopey. (Int -2)
Your flesh is heat resistant. (rF+)


Message History

The Hell Sentinel hits you but does no damage.
You block the Hell Sentinel's attack.
You hit the Hell Sentinel but do no damage.
The Hell Sentinel hits you but does no damage.
The Hell Sentinel hits you.
* * * LOW HITPOINT WARNING * * *
You are too injured to fight recklessly!
You slice the Hell Sentinel!!
The Hell Sentinel convulses!!!
The Hell Sentinel is heavily wounded.
The Hell Sentinel gestures at you.
The sphere of damnation explodes!
The damnation engulfs you!!
* * * LOW HITPOINT WARNING * * *
The damnation engulfs the Hell Sentinel.
The Hell Sentinel completely resists.
You are struck by the Hell Sentinel's spines.
* * * LOW HITPOINT WARNING * * *
You hit the Hell Sentinel.
The Hell Sentinel convulses.
The Hell Sentinel is severely wounded.
The iron giant throws the Hell Sentinel at you!
You die...

#......# * #......#
#......# * ,
#......# ,*
#......#########*,*
###...............,
, ,
#................. ,
###.#......1...Z....
, ,,,,
#...........@...Z...
, ,,
#############''#####
* ** ** C..# * ...#
* * * * ,...'. ,, ,
...### *** ** ,...#
#### * * **


You could see an iron giant, a Hell Sentinel, an anaconda zombie and a shadow
dragon zombie.

Vanquished Creatures
  Ereshkigal (Tar:7)
  Mennas (Crypt:1)
  An ancient lich (Vaults:5)
  Xtahua (Vaults:5)
  Frederick (Vaults:2)
  Geryon (Hell)
  A golden dragon (Vaults:5)
  Jory (Vaults:2)
  5 bone dragons
  4 doom hounds
  3 iron giants
  15 Tzitzimimeh
  3 liches
  7 tentacled monstrosities
  2 Hell Sentinels (Dis:7)
  2 krakens
  A quicksilver dragon (Vaults:5)
  An Executioner (Dis:7)
  5 titans (Vaults:5)
  Frances (Spider:1)
  Kirke (Shoals:1)
  Polyphemus (Shoals:2)
  3 storm dragons
  3 ancient champions
  2 sphinxes (Vaults:5)
  5 tengu reavers
  Ilsuiw (Shoals:3)
  4 shadow dragons
  Donald (Crypt:1)
  A storm dragon (shapeshifter) (Vaults:5)
  6 fire giants
  A revenant (Hell)
  14 frost giants
  An orc warlord (Vaults:5)
  6 emperor scorpions
  8 ghost moths
  5 deep elf sorcerers
  22 vault wardens
  A deep elf elementalist (Vaults:5)
  2 iron dragons
  3 curse skulls (Crypt:1)
  A draconian stormcaller (Abyss:4)
  9 ironheart preservers
  3 ghouls
  32 reapers
  13 very ugly things
  7 war gargoyles
  5 entropy weavers
  2 vampire knights
  16 stone giants
  Nessos (Orc:2)
  A deep elf annihilator (Vaults:5)
  A deep elf demonologist (Vaults:5)
  2 dire elephants (Lair:6)
  Azrael (D:12)
  A spark wasp (shapeshifter) (Depths:4)
  A spark wasp (Spider:4)
  3 deep elf death magi
  6 ettins
  2 eidola (Crypt:1)
  3 merfolk javelineers (Shoals:4)
  Josephine (Orc:1)
  6 crystal guardians (Depths:4)
  19 merfolk impalers
  3 blizzard demons
  A deep elf high priest (Vaults:5)
  2 quicksilver dragon zombies
  17 yaktaur captains
  6 great orbs of eyes
  A jiangshi (Crypt:1)
  A spectral kraken (Tar:7)
  5 fire dragons
  3 rakshasas
  6 hydras
  3 ice dragons
  An alligator snapping turtle (Shoals:4)
  29 vault guards
  A quicksilver dragon skeleton (Tar:7)
  3 merfolk avatars
  2 ghost crabs
  4 merfolk aquamancers
  3 catoblepae
  2 satyrs
  A shambling mangrove (Abyss:4)
  7 centaur warriors
  A two-headed ogre (shapeshifter) (Depths:4)
  18 dancing weapons
  44 two-headed ogres
  8 death knights
  An alligator (shapeshifter) (Depths:4)
  7 vampire magi
  2 deep troll shamans (Depths:1)
  15 death yaks
  3 tengu warriors
  13 ogre magi
  4 deep troll earth magi (Depths:1)
  4 hell hogs (Hell)
  A spriggan berserker (Depths:2)
  Urug (D:10)
  3 orc high priests (Orc:2)
  A shock serpent (Depths:4)
  7 soul eaters
  4 sun demons (Hell)
  A titan skeleton (Tar:6)
  6 thrashing horrors (Abyss:4)
  5 deep elf knights
  A storm dragon zombie (Tar:4)
  2 shock serpents (shapeshifter)
  5 shadow wraiths
  A fire crab (Abyss:4)
  A spatial maelstrom (Abyss:4)
  7 hell knights
  A golden dragon zombie (Dis:3)
  5 unseen horrors
  50 skeletal warriors
  A death drake (Tar:7)
  3 flayed ghosts
  2 death drakes (shapeshifter) (Depths:4)
  A deep troll (shapeshifter) (Depths:3)
  12 shadow demons
  15 sea snakes
  14 deep trolls
  An anaconda zombie (Dis:2)
  A shadow dragon zombie (Dis:5)
  A swamp dragon (shapeshifter) (Depths:4)
  An anaconda skeleton (Tar:4)
  2 wizards
  6 glowing orange brains
  A swamp dragon (Lair:6)
  A glowing orange brain (shapeshifter) (Depths:4)
  6 deep elf archers
  A lindwurm (Lair:6)
  20 ironbrand convokers
  9 necromancers
  22 orc knights
  7 phantasmal warriors
  14 orb spiders
  14 deep elf magi
  2 fire giant zombies (Dis:3)
  A glowing shapeshifter (Depths:4)
  A wolf spider zombie (D:14)
  10 harpies
  A shadow dragon skeleton (Tar:4)
  3 stone giant zombies
  40 wolf spiders
  4 orc sorcerers (Orc:2)
  A salamander (shapeshifter) (Vaults:2)
  4 cyclopes
  A wolf spider (shapeshifter) (Vaults:1)
  A moth of wrath (Spider:4)
  40 ugly things
  8 manticores
  16 fauns
  A moth of wrath (shapeshifter) (Vaults:1)
  15 merfolk sirens
  An iron dragon skeleton (Tar:4)
  13 rust devils
  A guardian serpent (shapeshifter) (Vaults:2)
  4 black mambas
  A water nymph (shapeshifter) (Depths:4)
  8 elephants
  A frost giant skeleton (Dis:5)
  2 centaur zombies (D:15)
  19 vault sentinels
  A fire giant skeleton (Vaults:2)
  Psyche (D:12)
  2 water nymphs
  14 cane toads
  2 apocalypse crabs (Abyss:4)
  4 torpor snails
  6 gargoyles
  A cane toad (shapeshifter) (Vaults:1)
  6 molten gargoyles
  Maggie (D:7)
  A red draconian zombie (Crypt:1)
  3 smoke demons (Abyss:4)
  2 rime drakes (Lair:6)
  5 spectral swamp worms (Tar:7)
  26 freezing wraiths
  2 yaktaurs (shapeshifter)
  6 hellions
  8 tormentors
  46 yaktaurs
  6 demonic crawlers
  An efreet (Abyss:4)
  A kobold demonologist (D:11)
  A redback zombie (D:11)
  6 komodo dragons
  2 anaconda simulacra (IceCv)
  7 ice devils
  A queen bee (shapeshifter) (D:15)
  4 red devils
  A silent spectre (Tar:7)
  4 tyrant leeches (Spider:3)
  A polar bear (shapeshifter) (Vaults:4)
  A hydra zombie (Dis:3)
  A polar bear (Lair:2)
  2 harpy zombies
  A queen bee (Lair:4)
  4 trolls
  18 jumping spiders
  A jumping spider (shapeshifter) (Depths:4)
  A wolf spider simulacrum (D:15)
  11 hornets
  30 merfolk
  23 slime creatures
  3 meliai (Lair:4)
  A hydra skeleton (Crypt:1)
  15 blink frogs
  A tengu simulacrum (Vaults:2)
  5 wind drakes
  2 dream sheep (shapeshifter) (Vaults:5)
  An alligator zombie (Dis:4)
  3 raiju (Abyss:4)
  A meliai zombie (D:12)
  7 dream sheep (Lair:6)
  7 hippogriffs
  5 ettin zombies
  A bog body (Crypt:1)
  2 ice dragon zombies
  A fire dragon zombie (Tar:6)
  8 snapping turtles
  A black mamba zombie (Tar:7)
  13 water elementals
  5 air elementals (Depths:4)
  An ettin skeleton (Crypt:1)
  22 tarantellas
  A centaur simulacrum (D:14)
  2 ynoxinuls (Abyss:4)
  2 vampires (D:14)
  78 redbacks
  10 shadows
  49 flying skulls
  A dire elephant simulacrum (IceCv)
  A yak (shapeshifter) (D:14)
  43 yaks
  4 wyverns
  15 fire elementals
  5 hogs (Shoals:1)
  A hog (shapeshifter) (Depths:3)
  2 steam dragons (Lair:6)
  13 wraiths
  A yaktaur simulacrum (Vaults:2)
  6 basilisks
  A vampire mosquito (D:14)
  Grum (D:11)
  A black mamba skeleton (Tar:6)
  10 wargs
  4 insubstantial wisps (Depths:4)
  A deep troll zombie (Vaults:1)
  4 acid dragons
  A soldier ant (D:12)
  A harpy simulacrum (IceCv)
  15 water moccasins
  A cane toad zombie (Dis:2)
  A porcupine (shapeshifter) (Depths:4)
  7 porcupines
  A soldier ant (shapeshifter) (Vaults:5)
  26 hell hounds
  A floating eye (shapeshifter) (Vaults:5)
  A two-headed ogre skeleton (Crypt:1)
  2 black bears
  A swamp drake (shapeshifter) (Vaults:4)
  11 ice beasts
  44 orc warriors
  2 swamp drakes (Lair:6)
  3 sky beasts
  An elf zombie (Vaults:2)
  A sky beast (shapeshifter) (D:13)
  A snapping turtle zombie (Dis:3)
  An eye of draining (shapeshifter) (Vaults:4)
  An eye of draining (D:11)
  2 ettin simulacra
  3 phantoms
  10 necrophages
  24 wolves
  8 boggarts
  36 ogres
  15 centaurs
  A snapping turtle skeleton (Crypt:1)
  A wolf (shapeshifter) (Vaults:3)
  11 crocodiles
  An elf simulacrum (Vaults:1)
  3 big kobolds
  33 bullfrogs
  A wyvern zombie (D:13)
  A yaktaur skeleton (Vaults:1)
  8 earth elementals
  A deep troll simulacrum (Vaults:2)
  6 scorpions
  A warg skeleton (Crypt:1)
  A spriggan zombie (Crypt:1)
  A water moccasin skeleton (D:11)
  5 electric eels
  25 killer bees
  24 wights
  A howler monkey (D:4)
  8 starcursed masses (Abyss:4)
  2 bullfrog zombies
  A quasit (Abyss:3)
  12 iron imps
  3 human simulacra
  6 bullfrog skeletons
  8 hounds
  19 orc priests
  2 jellies
  23 orc wizards
  4 centaur skeletons
  4 iguanas
  15 worker ants
  A killer bee zombie (Crypt:1)
  3 small abominations
  A hound zombie (D:10)
  An ogre skeleton (Crypt:1)
  3 hound skeletons
  4 mummies
  2 howler monkey zombies
  A howler monkey skeleton (D:5)
  13 adders
  4 gnolls
  8 shadow imps
  A steam dragon skeleton (Crypt:1)
  4 white imps
  3 ufetubi
  An ooze (D:1)
  An adder skeleton (D:9)
  13 worms
  3 ball lightnings (Depths:4)
  2 dart slugs (D:1)
  9 leopard geckos
  96 orcs
  A ball python (D:6)
  6 giant cockroaches
  A gnoll zombie (Crypt:1)
  5 goblins
  9 hobgoblins
  4 jackals
  19 kobolds
  A quokka (D:7)
  11 bats
  3 frilled lizards
  A kobold zombie (Crypt:1)
  8 rats
  7 tentacles
2290 creatures vanquished.

Vanquished Creatures (collateral kills)
  Nikola (Spider:1)
  A frost giant (Shoals:4)
  5 hydras
  A merfolk avatar (Shoals:4)
  A wolf spider (Spider:1)
  A polar bear (Lair:5)
  A hippogriff (Lair:5)
  3 yaks
  A porcupine (Lair:4)
  A wolf (Lair:2)
  5 killer bees (Lair:4)
21 creatures vanquished.

Vanquished Creatures (others)
  An ancient lich (Vaults:5)
  A tengu reaver (Depths:3)
  An ettin (Depths:3)
  A dancing weapon (Depths:4)
  A soul eater (Tar:7)
  3 ugly things (Depths:3)
  A yaktaur (Depths:3)
  2 tengu conjurers (Depths:3)
  An orc wizard (D:13)
  13 ball lightnings (Depths:4)
  A bush (Lair:5)
  17 fungi
  62 plants
  16 tentacles
121 creatures vanquished.

Grand Total: 2432 creatures vanquished

Notes
Turn   | Place    | Note
-------+----------+-------------------------------------------
     0 | D:1      | Flugslaktarn the Deep Dwarf Monk began the quest for the
                  | Orb.
     0 | D:1      | Reached XP level 1. HP: 20/20 MP: 1/1
    95 | D:1      | Reached XP level 2. HP: 20/27 MP: 2/2
   312 | D:1      | Reached skill level 3 in Fighting
   361 | D:1      | Reached skill level 1 in Armour
   409 | D:1      | Reached XP level 3. HP: 18/34 MP: 3/3
   972 | D:2      | Reached XP level 4. HP: 39/42 MP: 4/4
  1135 | D:2      | Noticed an ogre
  1157 | D:2      | Killed an ogre
  1157 | D:2      | Reached XP level 5. HP: 50/50 MP: 5/5
  1692 | D:2      | Reached skill level 4 in Fighting
  2315 | D:4      | Noticed an ogre
  2328 | D:4      | Reached skill level 5 in Axes
  2328 | D:4      | Reached XP level 6. HP: 48/57 MP: 5/5
  2575 | D:4      | Reached XP level 7. HP: 52/66 MP: 5/5
  2856 | D:5      | Entered Level 5 of the Dungeon
  2869 | D:5      | Reached skill level 5 in Fighting
  2880 | D:5      | Found a shattered altar of Ashenzari.
  2934 | D:5      | Found a transporter.
  3199 | D:5      | Found a transporter.
  3378 | D:5      | Found a staircase to the Ecumenical Temple.
  3386 | D:5      | Reached skill level 5 in Armour
  3392 | Temple   | Entered the Ecumenical Temple
  3418 | Temple   | Became a worshipper of Makhleb the Destroyer
  3418 | Temple   | Reached * piety under Makhleb
  3418 | Temple   | Reached ** piety under Makhleb
  3590 | D:6      | Found Xuiseuvi's Book Emporium.
  3673 | D:6      | Reached skill level 1 in Invocations
  3688 | D:6      | Reached XP level 8. HP: 62/75 MP: 5/7
  4467 | D:7      | Found Olafo's Book Shop.
  4486 | D:7      | Noticed Maggie
  4586 | D:7      | Reached skill level 6 in Fighting
  4608 | D:7      | Reached skill level 5 in Dodging
  4667 | D:7      | Killed Maggie
  4667 | D:7      | Gained mutation: You passively map the area around you.
                  | [Deep Dwarf growth]
  4667 | D:7      | Reached XP level 9. HP: 79/84 MP: 5/5
  4691 | D:7      | Reached *** piety under Makhleb
  4709 | D:7      | Found Gauterohosh's Distillery.
  4814 | D:7      | Reached skill level 5 in Invocations
  4910 | D:7      | Found Zerak's Assorted Antiques.
  4918 | D:7      | Bought a scroll labeled CUSMOJ CO OLLA for 30 gold pieces
  4918 | D:7      | Bought a marble ring for 150 gold pieces
  4950 | D:7      | Found Zeiwothru's Antique Armour Shop.
  4974 | D:7      | Found Yxkiteapt's Antique Weapon Emporium.
  5018 | D:7      | Noticed a two-headed ogre
  5031 | D:7      | Killed a two-headed ogre
  5031 | D:7      | Reached skill level 7 in Fighting
  5066 | D:7      | Noticed an unseen horror
  5078 | D:7      | Killed an unseen horror
  5078 | D:7      | Reached XP level 10. HP: 94/94 MP: 6/8
  5614 | D:8      | Paralysed by an orc wizard for 5 turns
  5649 | D:8      | Found Alyah's Gadget Shoppe.
  5670 | D:8      | Bought a condenser vane (2/2) for 240 gold pieces
  5950 | D:9      | Reached skill level 1 in Evocations
  5988 | D:9      | Reached **** piety under Makhleb
  6291 | D:9      | Noticed a tengu warrior
  6310 | D:9      | Killed a tengu warrior
  6576 | D:9      | Reached skill level 1 in Shields
  6589 | D:9      | Found a staircase to the Lair.
  7094 | D:10     | Entered Level 10 of the Dungeon
  7217 | D:10     | Reached XP level 11. HP: 103/103 MP: 10/10
  7262 | Lair:1   | Entered Level 1 of the Lair of Beasts
  7303 | Lair:1   | Reached ***** piety under Makhleb
  7305 | Lair:1   | Reached skill level 8 in Fighting
  7607 | Lair:1   | Reached skill level 10 in Axes
  7646 | Lair:1   | Reached skill level 5 in Evocations
  8068 | Lair:2   | Noticed a five-headed hydra
  8089 | Lair:2   | Killed an eight-headed hydra
  8224 | Lair:2   | Found a hole to the Spider Nest.
  8332 | Lair:2   | Noticed a four-headed hydra
  8348 | Lair:2   | Killed an eight-headed hydra
  8399 | Lair:2   | Noticed a seven-headed hydra
  8433 | Lair:2   | Killed a nine-headed hydra
  8433 | Lair:2   | Reached skill level 9 in Fighting
  8475 | Lair:2   | Noticed a five-headed hydra
  8494 | Lair:2   | Killed a nine-headed hydra
  8903 | Lair:2   | Reached XP level 12. HP: 68/114 MP: 10/10
  9231 | Lair:3   | Found a staircase to the Shoals.
  9558 | Lair:3   | Reached skill level 10 in Invocations
 10046 | Lair:4   | Reached skill level 5 in Shields
 10195 | Lair:4   | Reached skill level 10 in Fighting
 10195 | Lair:4   | Reached skill level 10 in Armour
 10358 | Lair:4   | Noticed an eight-headed hydra
 10370 | Lair:4   | Killed a 15-headed hydra
 10720 | Lair:4   | Reached XP level 13. HP: 114/124 MP: 11/11
 11323 | Lair:5   | Found a viscous altar of Jiyva.
 11323 | Lair:5   | Found a staircase to the Slime Pits.
 11759 | Lair:5   | Identified 2 scrolls of acquirement
 11759 | Lair:5   | Acquired a +5 broad axe of freezing
 11763 | Lair:5   | Acquired a +2 pair of gloves of strength
 11840 | Lair:6   | Entered Level 6 of the Lair of Beasts
 11963 | Lair:6   | Reached skill level 11 in Fighting
 12073 | Lair:6   | Found a runed translucent gate.
 12074 | Lair:6   | Found a runed translucent gate.
 12075 | Lair:6   | Found a runed translucent gate.
 12075 | Lair:6   | Noticed Ynufiagy's ghost (journeyman MiBe)
 12082 | Lair:6   | Noticed a dire elephant
 12093 | Lair:6   | Killed a dire elephant
 12206 | Lair:6   | Reached ****** piety under Makhleb
 12209 | Lair:6   | Gained mutation: You resist negative energy. (rN+) [Deep
                  | Dwarf growth]
 12209 | Lair:6   | Reached XP level 14. HP: 97/136 MP: 11/11
 12566 | Lair:6   | Reached skill level 12 in Fighting
 13365 | D:10     | Found Lozxyusu's Antique Armour Emporium.
 13378 | D:10     | Bought a pair of runed boots for 247 gold pieces
 13383 | D:10     | Bought a jewelled cloak for 313 gold pieces
 13393 | D:10     | Identified the +2 cloak of Etsibonk {Dex+3 Slay+2} (You
                  | bought it in a shop on level 10 of the Dungeon)
 13459 | D:10     | Found a runed translucent door.
 13462 | D:10     | Found a runed translucent door.
 13462 | D:10     | Found a runed translucent door.
 13577 | D:10     | Noticed a war gargoyle
 13591 | D:10     | Killed a war gargoyle
 13672 | D:10     | Noticed Urug
 13681 | D:10     | Killed Urug
 13951 | D:10     | Found a staircase to the Orcish Mines.
 14256 | D:11     | Noticed Grum
 14267 | D:11     | Killed Grum
 14743 | D:11     | Found Wuvipt's Armour Shoppe.
 15325 | D:12     | Noticed Psyche
 15331 | D:12     | Killed Psyche
 15630 | D:12     | Noticed Azrael
 15635 | D:12     | Killed Azrael
 15635 | D:12     | Reached XP level 15. HP: 115/145 MP: 13/13
 15953 | D:13     | Found a snail-covered altar of Cheibriados.
 16492 | D:14     | Reached skill level 13 in Fighting
 16495 | D:14     | Reached skill level 15 in Axes
 16521 | D:14     | Found a gate to the Vaults.
 17184 | D:15     | Entered Level 15 of the Dungeon
 17209 | D:15     | Found a staircase to the Depths.
 17209 | D:15     | Noticed a fire giant
 17232 | D:15     | Killed a fire giant
 17838 | D:15     | Found Wotzet's Magic Scroll Shoppe.
 17844 | D:15     | Bought a scroll of blinking for 90 gold pieces
 17844 | D:15     | Bought 2 scrolls of blinking for 180 gold pieces
 18232 | Orc:1    | Entered Level 1 of the Orcish Mines
 18295 | Orc:1    | Noticed Josephine
 18300 | Orc:1    | Killed Josephine
 18750 | Orc:2    | Entered Level 2 of the Orcish Mines
 19040 | Orc:2    | Found a roughly hewn altar of Beogh.
 19046 | Orc:2    | Noticed Nessos
 19056 | Orc:2    | Reached skill level 10 in Shields
 19079 | Orc:2    | Killed Nessos
 19097 | Orc:2    | Found a staircase to the Elven Halls.
 19212 | Orc:2    | Found Uneddy Ucro's General Store.
 19274 | Orc:2    | Found Zamentaly's Book Shop.
 19278 | Orc:2    | Found Ydaen's Antique Weapon Emporium.
 19279 | Orc:2    | Found Ifovynac's Weapon Shop.
 19483 | D:11     | Bought a +2 plate armour of poison resistance for 518 gold
                  | pieces
 19619 | Spider:1 | Entered Level 1 of the Spider Nest
 19642 | Spider:1 | Reached XP level 16. HP: 157/157 MP: 15/15
 19679 | Spider:1 | Noticed Frances
 19702 | Spider:1 | Killed Frances
 19702 | Spider:1 | Reached skill level 14 in Fighting
 20243 | Spider:1 | Noticed Nikola
 20254 | Spider:1 | Killed Nikola
 20648 | Spider:2 | Found a frozen archway.
 20717 | IceCv    | Entered an ice cave
 22003 | Spider:3 | Reached skill level 15 in Invocations
 22056 | Spider:3 | Reached skill level 15 in Fighting
 22650 | Spider:4 | Entered Level 4 of the Spider Nest
 22682 | Spider:4 | Reached XP level 17. HP: 170/170 MP: 17/17
 23884 | Spider:4 | Got a gossamer rune of Zot
 24082 | Shoals:1 | Entered Level 1 of the Shoals
 24297 | Shoals:1 | Reached skill level 16 in Fighting
 24459 | Shoals:1 | Noticed Kirke
 24473 | Shoals:1 | Killed Kirke
 24836 | Shoals:2 | Noticed Polyphemus
 24863 | Shoals:2 | Reached skill level 15 in Armour
 24870 | Shoals:2 | Killed Polyphemus
 25465 | Shoals:3 | Noticed a kraken
 25482 | Shoals:3 | Gained mutation: You passively map a large area around you.
                  | [Deep Dwarf growth]
 25482 | Shoals:3 | Reached XP level 18. HP: 161/181 MP: 17/17
 25834 | Shoals:3 | Noticed Ilsuiw
 25881 | Shoals:3 | Killed Ilsuiw
 25881 | Shoals:3 | Reached skill level 10 in Dodging
 26205 | Shoals:4 | Entered Level 4 of the Shoals
 26338 | Shoals:4 | Identified the ring "Jurotog" {rElec Int+6 Dex+4}
 26517 | Shoals:4 | Found Dauthr Kiuvy's Book Shoppe.
 26764 | Shoals:4 | Got a barnacled rune of Zot
 27370 | Vaults:1 | Entered Level 1 of the Vaults
 27795 | Vaults:1 | Reached skill level 17 in Fighting
 27795 | Vaults:1 | Reached XP level 19. HP: 193/193 MP: 18/18
 28666 | Vaults:2 | Found Asuaviaschus's Armour Shop.
 28710 | Vaults:2 | Found Kirph's Magic Scroll Shoppe.
 28713 | Vaults:2 | Bought a scroll of teleportation for 60 gold pieces
 28713 | Vaults:2 | Bought a scroll of teleportation for 60 gold pieces
 28713 | Vaults:2 | Bought a scroll of teleportation for 60 gold pieces
 28713 | Vaults:2 | Bought a scroll of enchant armour for 150 gold pieces
 28735 | Vaults:2 | Noticed Frederick
 28750 | Vaults:2 | Killed Frederick
 28863 | Vaults:2 | Reached skill level 15 in Shields
 28908 | Vaults:2 | Found Silyunyze's Distillery.
 28915 | Vaults:2 | Bought a potion of mutation for 112 gold pieces
 28971 | Vaults:2 | Bought a potion of might for 56 gold pieces
 29225 | Vaults:2 | Paralysed by an ogre mage for 6 turns
 29247 | Vaults:2 | Found a staircase to the Crypt.
 29434 | Vaults:2 | Found Kechuske's Jewellery Shop.
 29434 | Vaults:2 | Found Dotzafru's Armour Shop.
 29435 | Vaults:2 | Noticed Jory
 29456 | Vaults:2 | Reached skill level 18 in Fighting
 29477 | Vaults:2 | Killed Jory
 29522 | Vaults:2 | Found Diarchio's Book Shop.
 30025 | Vaults:3 | Reached XP level 20. HP: 205/205 MP: 18/18
 31255 | Vaults:4 | Reached skill level 19 in Fighting
 31502 | Vaults:4 | Gained mutation: Scrolls take you a little longer to read.
                  | [mutagenic glow]
 31509 | Vaults:4 | Gained mutation: You are dopey. (Int -2) [mutagenic glow]
 31522 | Vaults:4 | Gained mutation: You tend to lose your temper in combat.
                  | [mutagenic glow]
 31557 | Vaults:4 | Gained mutation: You are clumsy. (Dex -2) [mutagenic glow]
 31677 | Vaults:4 | Lost mutation: You are clumsy. (Dex -2) [potion of
                  | mutation]
 31677 | Vaults:4 | Lost mutation: Scrolls take you a little longer to read.
                  | [potion of mutation]
 31677 | Vaults:4 | Lost mutation: You tend to lose your temper in combat.
                  | [potion of mutation]
 31677 | Vaults:4 | Gained mutation: Your flesh is heat resistant. (rF+)
                  | [potion of mutation]
 31677 | Vaults:4 | Gained mutation: You are partially covered in iridescent
                  | scales. (AC +2) [potion of mutation]
 32024 | Vaults:5 | Entered Level 5 of the Vaults
 32060 | Vaults:5 | Reached XP level 21. HP: 217/217 MP: 18/18
 32203 | Vaults:5 | Reached skill level 20 in Fighting
 32228 | Vaults:5 | Reached skill level 15 in Dodging
 32795 | Vaults:5 | Noticed Xtahua
 32808 | Vaults:5 | Killed Xtahua
 32855 | Vaults:5 | Identified the +6 falchion of Unreason {flame, Str-5 Int+6}
 32857 | Vaults:5 | Reached XP level 22. HP: 230/230 MP: 19/19
 32980 | Vaults:5 | Reached skill level 21 in Fighting
 33007 | Vaults:5 | Got a silver rune of Zot
 33091 | Vaults:5 | Noticed an ancient lich
 33109 | Vaults:5 | Killed an ancient lich
 33188 | Vaults:5 | Found Bioc Jau's Antique Armour Shoppe.
 33188 | Vaults:5 | Found Qiweguthra's Gadget Shop.
 33249 | Vaults:5 | Found Qoxat's Distillery.
 33254 | Vaults:5 | Bought a potion of mutation for 128 gold pieces
 33254 | Vaults:5 | Bought a potion of might for 64 gold pieces
 33254 | Vaults:5 | Bought a potion of cancellation for 128 gold pieces
 33254 | Vaults:5 | Bought a potion of haste for 160 gold pieces
 33434 | Vaults:5 | Found Resteas's Distillery.
 33438 | Vaults:5 | Bought a potion of haste for 170 gold pieces
 33438 | Vaults:5 | Bought a potion of haste for 170 gold pieces
 33438 | Vaults:5 | Bought a potion of haste for 170 gold pieces
 33438 | Vaults:5 | Bought a potion of cancellation for 136 gold pieces
 33438 | Vaults:5 | Bought a potion of heal wounds for 85 gold pieces
 33438 | Vaults:5 | Bought a potion of heal wounds for 85 gold pieces
 33438 | Vaults:5 | Bought a potion of cancellation for 136 gold pieces
 33575 | Vaults:5 | Bought a potion of resistance for 170 gold pieces
 33663 | Vaults:5 | Found Rempevug's Antique Armour Shoppe.
 33663 | Vaults:5 | Noticed a golden dragon
 33663 | Vaults:5 | Noticed an ancient lich
 33677 | Vaults:5 | Killed a golden dragon
 33683 | Vaults:5 | Killed an ancient lich
 33752 | Vaults:5 | Acquired 750 gold pieces
 33966 | Depths:1 | Entered Level 1 of the Depths
 34370 | Temple   | Fell from the grace of Makhleb
 34370 | Temple   | Became a worshipper of the Shining One
 34698 | Crypt:1  | Entered Level 1 of the Crypt
 34717 | Crypt:1  | Reached * piety under the Shining One
 34802 | Crypt:1  | Reached ** piety under the Shining One
 34847 | Crypt:1  | Reached *** piety under the Shining One
 34917 | Crypt:1  | Noticed Mennas
 34933 | Crypt:1  | Reached **** piety under the Shining One
 34945 | Crypt:1  | Killed Mennas
 34987 | Crypt:1  | Reached ***** piety under the Shining One
 35088 | Crypt:1  | Noticed Donald
 35103 | Crypt:1  | Killed Donald
 35169 | Crypt:1  | Reached XP level 23. HP: 201/242 MP: 19/19
 35461 | Crypt:1  | Found the +3 giant club "Skullcrusher" {speed, Str+7}
 35464 | Crypt:1  | Reached ****** piety under the Shining One
 35540 | Crypt:1  | Found a basalt altar of Yredelemnul.
 35618 | Crypt:1  | Found the +6 Majin-Bo {vamp, MP+6 Int+6}
 35938 | Depths:1 | Found a gateway to Hell.
 36066 | Depths:1 | Reached skill level 22 in Fighting
 36103 | Depths:1 | Found a snail-covered altar of Cheibriados.
 36349 | Depths:3 | Noticed Sojobo
 37168 | Depths:4 | Found a one-way gate to the infinite horrors of the Abyss.
 37225 | Depths:4 | Voluntarily entered the Abyss.
 37240 | Abyss:2  | Found a corrupted altar of Lugonu.
 37355 | Abyss:4  | Got an abyssal rune of Zot
 37428 | Abyss:4  | Paralysed by accursed screaming for 1 turns
 37436 | Abyss:4  | Paralysed by accursed screaming for 1 turns
 37487 | Depths:4 | Escaped the Abyss
 37490 | Depths:4 | Identified a +9 broad axe of holy wrath (a +9 broad axe of
                  | freezing blessed by the Shining One)
 37490 | Depths:4 | Received a gift from the Shining One
 37999 | Hell     | Entered the Vestibule of Hell
 37999 | Hell     | Noticed Geryon
 38019 | Hell     | Killed Geryon
 38019 | Hell     | Reached XP level 24. HP: 151/254 MP: 6/6
 38111 | Hell     | Found a gateway to the Iron City of Dis.
 38216 | Hell     | Found a gateway to the decaying netherworld of Tartarus.
 38259 | Tar:1    | Entered Level 1 of Tartarus
 38329 | Tar:2    | You fall into a shaft and drop 2 floors!
 38372 | Tar:4    | Reached skill level 23 in Fighting
 38514 | Tar:6    | Gained mutation: Your body sometimes deteriorates upon
                  | taking damage. [a neqoxec]
 38671 | Tar:7    | Entered Level 7 of Tartarus
 38895 | Tar:7    | Noticed Ereshkigal
 38940 | Tar:7    | Killed Ereshkigal
 38972 | Tar:7    | Got a bone rune of Zot
 39063 | Tar:7    | Reached XP level 25. HP: 78/266 MP: 7/7
 39146 | Dis:1    | Entered Level 1 of the Iron City of Dis
 40180 | Dis:5    | Reached skill level 24 in Fighting
 40323 | Dis:5    | You fall into a shaft and drop 1 floor!
 40361 | Dis:7    | Entered Level 7 of the Iron City of Dis
 40411 | Dis:7    | Found a huge runed gate.
 40411 | Dis:7    | Found a huge runed gate.
 40411 | Dis:7    | Found a huge runed gate.
 40412 | Dis:7    | Found a huge runed gate.
 40413 | Dis:7    | Found a huge runed gate.
 40416 | Dis:7    | Found a huge runed gate.
 40419 | Dis:7    | Found a huge runed gate.
 40421 | Dis:7    | Found a huge runed gate.
 40421 | Dis:7    | Found a huge runed gate.
 40421 | Dis:7    | Found a huge runed gate.
 40422 | Dis:7    | Found a huge runed gate.
 40423 | Dis:7    | Found a huge runed gate.
 40425 | Dis:7    | Found a huge runed gate.
 40427 | Dis:7    | Found a huge runed gate.
 40437 | Dis:7    | Found a huge runed gate.
 40438 | Dis:7    | Found a huge runed gate.
 40440 | Dis:7    | Found a huge runed gate.
 40440 | Dis:7    | Found a huge runed gate.
 40440 | Dis:7    | Found a huge runed gate.
 40441 | Dis:7    | Found a huge runed gate.
 40442 | Dis:7    | Found a huge runed gate.
 40444 | Dis:7    | Found a huge runed gate.
 40444 | Dis:7    | HP: 13/268 [divine wrath (76)]
 40446 | Dis:7    | Found a huge runed gate.
 40448 | Dis:7    | Found a huge runed gate.
 40450 | Dis:7    | Found a huge runed gate.
 40453 | Dis:7    | Found a huge runed gate.
 40453 | Dis:7    | Found a huge runed gate.
 40453 | Dis:7    | Found a huge runed gate.
 40454 | Dis:7    | Found a huge runed gate.
 40457 | Dis:7    | Found a huge runed gate.
 40460 | Dis:7    | Found a huge runed gate.
 40463 | Dis:7    | Found a huge runed gate.
 40503 | Dis:7    | Found a huge runed gate.
 40504 | Dis:7    | Found a huge runed gate.
 40504 | Dis:7    | Found a huge runed gate.
 40505 | Dis:7    | Found a huge runed gate.
 40564 | Dis:7    | HP: 9/268 [Hell Sentinel's spines (10)]
 40564 | Dis:7    | Hit by a Hell Sentinel thrown by iron giant

Illustrated notes

Levels and vault maps discovered:
D:1:      tarquinn_simple_flora_water_a, layout_loops_ring
D:2:      layout_loops_corners, minmay_divided_ellipse
D:3:      layout_rooms
D:4:      layout_basic, hangedman_decor_points
D:5:      gammafunk_wand_slinger, layout_loops_ring, kennysheep_mini_moat,
          minmay_temple_entry_proselytizer
D:6:      layout_loops_ring, serial_shops, nicolae_shop_behind_doors
D:7:      layout_loops_ring, serial_shops, nicolae_shop_trees,
          nicolae_shop_temple_entry_statues_fountains, nicolae_shop_trees, shop,
          shop_statue, uniq_maggie
D:8:      layout_loops_ring, serial_shops, shop_coins
D:9:      hangedman_cross_stitches, layout_basic, erik_lair_orcish_takeover,
          serial_bayou, serial_bayou_pond_a, serial_bayou_pond_a,
          serial_bayou_ford_a, serial_bayou_crossing, dk_noncrumbling_4
D:10:     minmay_the_grid_four_pointed_star
          [minmay_the_grid_triangle_9x9_sparse_checkered,
          minmay_the_grid_triangle_9x9_fully_insulated_deathbox,
          minmay_the_grid_triangle_9x9_descending_squares,
          minmay_the_grid_triangle_9x9_alien,
          minmay_the_grid_prize_diamond_cup], layout_stronghold, serial_shops,
          nicolae_shop_competitors_out_of_business, uniq_urug
D:11:     layout_layer_cave, serial_shops, shop, minmay_diced_spiral, uniq_grum
D:12:     layout_basic, uniq_azrael, uniq_psyche
D:13:     layout_roguey, basic_altar
D:14:     kennysheep_blocky_room, layout_gridville, erik_vaults_1
D:15:     grunt_enter_depths_giant_problem, layout_stronghold,
          minmay_misc_feat_plants, serial_shops, shop, minmay_misc_feat_x,
          hex_medium, feat_on_display
Temple:   nicolae_temple_the_god_donut
Lair:1:   layout_regular_city, chequers_serial_rivers_micro_d,
          grunt_megastairs_4
Lair:2:   layout_roguey, nicolae_spider_entry_non_spiders,
          grunt_forest_small_clearings, minmay_shattered_shrine
Lair:3:   layout_roguey, elwin_shoals_entry_stream
Lair:4:   layout_hall_layers, special_room [special_room_bee]
Lair:5:   layout_cave_pods, slime_altar_1, chequers_serial_rivers_room_a,
          beast_lair_carwin_1
Lair:6:   hangedman_lair_in_review, layout_cellular_growth,
          guppyfry_lair_end_dragon, ebering_ghost_rock_garden,
          serial_bayou_shore_b, grunt_megastairs_3
Shoals:1: layout_shoals, nicolae_shoals_so_close, uniq_kirke
Shoals:2: layout_shoals, uniq_polyphemus
Shoals:3: layout_shoals, uniq_ilsuiw
Shoals:4: shoals_end_grunt_ice, layout_shoals, serial_shops, shop,
          nicolae_shoals_mertower
Spider:1: layout_spider_delve, nicolae_spider_nook, uniq_nikola, uniq_frances
Spider:2: layout_chambers, portal_ice_cave_entry_pillars_three
Spider:3: layout_spider_delve, hangedman_stitches_earthworm,
          nicolae_spider_cling_halls
Spider:4: grunt_spider_rune_circles, nicolae_spider_circle_web, drop_trap,
          spiders_nest_the_unseen
Orc:1:    layout_caves, uniq_josephine
Orc:2:    st_orc_elflike, layout_caves, basic_altar, uniq_nessos
Vaults:1: vaults_dpeg_hooks, vaults_room_hangedman_quadrants, v_rooms_3,
          v_alt_pattern_6, v_misc_13, grunt_vaults_focal, v_misc_31,
          vaults_room_fancy_cross, nicolae_vaults_yaktaur_gun_rack, v_misc_5,
          ontoclasm_vaults_shuriken, vaults_room_grunt_arrival_ludios,
          vaults_room_semicircle, vaults_dpeg_encased_lava,
          layout_vaults_omnicross
Vaults:2: nicolae_vaults_mini_display_case, nicolae_vaults_puzzle_piece,
          hangedman_vaults_stitches, minmay_crypt_entry_simple_corners,
          hangedman_vaults_hard_town_square, nicolae_vaults_alarming,
          nicolae_vaults_little_squares_6, grunt_vaults_bifocal,
          ontoclasm_vaults_claustrophobia, grunt_vaults_diagonal, v_rooms_5,
          nicolae_vaults_little_squares_2, nicolae_vaults_ring_of_whatevers,
          nicolae_vaults_diagonal_hallway_7, nicolae_vaults_diagonal_hallway_6,
          layout_vaults_maze_snakey, serial_shops, shop, shop_statue,
          nicolae_shop_behind_doors, uniq_frederick, uniq_jory
Vaults:3: v_misc_30, vaults_standard_mumra_lines, v_misc_18, vaults_room_boxed,
          vaults_mumra_hex, nicolae_vaults_specimen_jars, st_cells,
          hangedman_vaults_cutoff, v_misc_22, vaults_room_hallway,
          nicolae_vaults_angled_halls, layout_vaults_ring
Vaults:4: dpeg_vaults_monster_doublerow, hangedman_vaults_restitches, v_misc_23,
          v_misc_26, ontoclasm_vaults_ring_square, vaults_room_semicircle,
          v_pattern_2, nicolae_vaults_border_crossing,
          ontoclasm_vaults_loading_screen, vaults_mumra_hexcomb,
          vaults_dpeg_ring, vaults_room_fours, vaults_room_hallway,
          layout_vaults_omnibox
Vaults:5: serial_shops, uniq_xtahua
Crypt:1:  minmay_guarded_unrand_majin_bo, layout_chaotic_city, basic_altar,
          minivault_23, minmay_guarded_unrand_skullcrusher, uniq_mennas,
          uniq_donald
Depths:1: layout_cave_shapes, hangedman_coc_ice_floe, minmay_misc_feat_encased,
          cheibriados_altar_1, serial_bayou_shore_b, serial_bayou_shore_b,
          grunt_megastairs_2, firewood_loft
Depths:2: minmay_inside_and_out, layout_gridlike, enter_ziggurat_b,
          grunt_mini_vestibule, rand_demon_pan_entry_4, roderic_roman_lattice
Depths:3: grunt_twist_and_shout, layout_cave_pools, hell_entry,
          grunt_pan_entry_zigzag, kennysheep_doodads,
          kennysheep_cross_bottleneck, serial_bayou_shore_b,
          infiniplex_staircase_pillars_1, uniq_sojobo, uniq_asterion
Depths:4: radiant_caverns_b_rkd, hell_entry, abyss_entry
Hell
Dis:1:    layout_jigsaw
Dis:2:    layout_gridville, nrook_loot_triangle
Dis:3:    layout_subdivisions
Dis:4:    layout_chaotic_city, hangedman_dis_decor_blocks_mantle
Dis:5:    layout_regular_city, nicolae_dis_iron_filings
Dis:6:    layout_jigsaw
Dis:7:    iron_city_of_dis [dis_grunt, dis_wall_2], layout_chaotic_city,
          door_vault
Tar:1:    layout_catacombs
Tar:2:    layout_grid_maze
Tar:4:    layout_cathedral_of_symmetry
Tar:5:    layout_grid_maze
Tar:6:    layout_grid_maze
Tar:7:    tar_minmay_river

Skill      XL: |  1  2  3  4  5  6  7  8  9 10 11 12 13 14 15 16 17 18 19 20 21 22 23 24 25 |
---------------+----------------------------------------------------------------------------+-----
Fighting       | 3 4 5 6 7 9 10 11 12 13 15 16 17 18 19 20 21 22 23 24 | 24.2
Armour         | 1 2 3 4 5 6 7 8 9 10 11 12 13 15 16 17 18 19 20 21 | 21.9
Axes           | 4 5 6 7 8 9 10 12 13 14 15 16 | 16.0
Invocations    | 1 4 6 8 9 10 11 12 13 15 17 18 19 | 19.4
Dodging        | 5 6 7 9 11 12 14 15 16 17 18 19 | 19.4
Evocations     | 4 6 |  6.0
Shields        | 1 4 6 7 9 10 11 13 14 15 | 15.0
Stealth        | |  2.4

Action                   |  1- 3 |  4- 6 |  7- 9 | 10-12 | 13-15 | 16-18 | 19-21 | 22-24 | 25-27 || total
-------------------------+-------+-------+-------+-------+-------+-------+-------+-------+-------++-------
Melee: Hand axe          |   115 |   214 |   294 |       |       |       |       |       |       ||   623
       War axe           |       |       |   128 |   771 |   112 |       |       |       |       ||  1011
       Broad axe         |       |       |       |       |   889 |  1454 |  1413 |  1403 |   381 ||  5540
Invok: Minor Destruction |       |       |     9 |       |       |       |       |       |       ||     9
       Lesser Servant of |       |       |       |     9 |     4 |       |       |       |       ||    13
       Greater Servant o |       |       |       |       |       |     4 |       |       |       ||     4
       Cleansing Flame   |       |       |       |       |       |       |       |     6 |     2 ||     8
       Brand Weapon With |       |       |       |       |       |       |       |     1 |       ||     1
 Abil: Heal Wounds       |     5 |     4 |    10 |     8 |     5 |     5 |     4 |    57 |     6 ||   104
Evoke: Wand              |       |       |     2 |     2 |     2 |       |       |       |       ||     6
       Condenser vane    |       |       |       |     3 |     2 |     4 |     2 |       |       ||    11
       Tin of tremorston |       |       |       |       |       |     1 |     2 |     7 |       ||    10
  Use: Scroll            |     4 |     9 |    12 |     3 |    12 |     7 |     2 |     8 |       ||    57
       Potion            |       |     1 |     2 |       |       |     2 |     3 |     8 |     5 ||    21
 Stab: Sleeping          |     1 |       |       |       |       |       |       |       |       ||     1
       Paralysed         |       |       |     6 |       |     4 |       |       |       |       ||    10
       Distracted        |       |       |       |       |       |     3 |     1 |       |       ||     4
       Petrified         |       |       |       |       |       |     3 |       |       |       ||     3
       Petrifying        |       |       |       |       |       |     1 |       |       |       ||     1
       Confused          |       |       |       |       |       |    12 |     3 |       |       ||    15
Armor: Chain mail        |    74 |   135 |   127 |   459 |   538 |       |       |       |       ||  1333
       Skin              |       |    15 |    53 |       |       |       |       |       |       ||    68
       Plate armour      |       |       |    87 |   150 |    15 |   913 |   464 |   686 |   161 ||  2476
Dodge: Dodged            |    68 |    89 |   173 |   474 |   436 |   663 |   513 |   752 |   170 ||  3338
Block: Kite shield       |       |       |       |   409 |   741 |  1276 |   959 |   636 |       ||  4021
       Tower shield      |       |       |       |       |       |       |       |   661 |   343 ||  1004

Table legend: (Time is in decaauts)
 A = Elapsed time spent in this place.
 B = Non-inter-level travel time spent in this place.
 C = Inter-level travel time spent in this place.
 D = Time resting spent in this place.
 E = Time spent auto-exploring this place.
 F = Levels seen in this place.
 G = Mean time per level.
                   A        B        C        D        E       F      G
               +--------+--------+--------+--------+--------+-----+--------+
         Total |  40483 |  37100 |   3383 |    825 |  24857 |  61 |  663.7 |
       Dungeon |  12949 |  11659 |   1290 |    252 |   8682 |  15 |  863.3 |
        Temple |    281 |    219 |     62 |      0 |    211 |   1 |  281.0 |
          Lair |   6216 |   5693 |    523 |    227 |   3990 |   6 | 1036.0 |
        Shoals |   3371 |   3119 |    252 |     25 |   2075 |   4 |  842.8 |
   Spider Nest |   4236 |   3935 |    301 |     24 |   2926 |   4 | 1059.0 |
  Orcish Mines |   1142 |   1121 |     21 |      0 |    844 |   2 |  571.0 |
        Vaults |   6516 |   5827 |    689 |      3 |   3614 |   5 | 1303.2 |
         Crypt |    961 |    925 |     36 |      0 |    569 |   1 |  961.0 |
        Depths |   1882 |   1769 |    113 |    255 |    814 |   4 |  470.5 |
          Hell |    313 |    294 |     19 |      0 |     95 |   1 |  313.0 |
           Dis |   1461 |   1425 |     36 |     39 |    796 |   7 |  208.7 |
      Tartarus |    818 |    783 |     35 |      0 |    161 |   6 |  136.3 |
         Abyss |    266 |    266 |      0 |      0 |     65 |   4 |   66.5 |
      Ice Cave |     65 |     65 |      0 |      0 |     11 |   1 |   65.0 |
               +--------+--------+--------+--------+--------+-----+--------+

Top non-repeatable levels by time:
Vaults:5: 1641 daAuts
Vaults:1: 1422 daAuts
  Lair:6: 1322 daAuts
     D:9: 1271 daAuts
Vaults:2: 1267 daAuts
Spider:4: 1259 daAuts
Depths:4: 1250 daAuts
     D:2: 1211 daAuts
    D:11: 1188 daAuts
Spider:2: 1183 daAuts
    D:10: 1175 daAuts
  Lair:2: 1167 daAuts
Vaults:3: 1093 daAuts
Vaults:4: 1091 daAuts
  Lair:5: 1029 daAuts
